 Dungeon Crawl Stone Soup version 0.31-a0-152-g6aa68a64a1 (webtiles) character file.

Game seed: 13562302496941648320

218829 qw the Marksnaga (level 19, -8/188 HPs)
             Began as a Naga Hunter on June 10, 2023.
             Was the Champion of Okawaru.
             Mangled by qw's illusion (illusionary) (27 damage)
             ... summoned by a strange machine
             ... in a wizard's laboratory.
             The game lasted 00:13:58 (26662 turns).

qw the Marksnaga (Naga Hunter)                     Turns: 26662, Time: 00:13:58

Health: -8/188     AC: 32    Str: 16    XL:     19   Next: 12%
Magic:  26/26      EV: 38    Int:  7    God:    Okawaru [******]
Gold:   830        SH:  0    Dex: 44    Spells: 18/18 levels left

rFire   + . .        y - +7 arbalest "Mouheet" {elec, rElec Str+2 Int-3 Dex+3}
rCold   . . .        (shield currently unavailable)
rNeg    . . .        c - +3 leather armour {rF+}
rPois   +            j - +2 hat
rElec   +            g - +2 cloak
rCorr   .            e - +2 pair of gloves {Dex+3}
SInv    +            t - +2 barding "Tuss" {rPois Regen+}
Will    +++..        m - amulet of Mudeisell {Faith Str+4}
Stlth   +++++        v - +6 ring of dexterity
HPRegen 1.31/turn    w - +6 ring of dexterity
MPRegen 0.20/turn

%: faith
@: lethally poisoned (-8 -> -8), about to teleport, heroic, very slow
A: AC +6, large, see invisible, deformed body, poison resistance, slowness 2,
spit poison 1, naga tail 2, horns 1, iridescent scales 1, agile 1, strong-willed
1, weak 1
}: 1/15 runes: decaying
a: Spit Poison, Renounce Religion, Heroism, Finesse, Duel


You were in a wizard's laboratory.
You worshipped Okawaru.
Okawaru was exalted by your worship.
You visited 7 branches of the dungeon, and saw 32 of its levels.
You also visited: Wizlab.

You collected 2818 gold pieces.
You spent 1988 gold pieces at shops.


Innate Abilities, Weirdness & Mutations

Your serpentine skin is tough. (AC +6)
You have supernaturally acute eyesight. (SInv)
Armour fits poorly on your strangely shaped body.
Your system is resistant to poisons. (rPois)
You cover ground very slowly.
You can spit poison.
You can use your snake-like lower body to constrict enemies.
You have a pair of small horns on your head.
You are partially covered in iridescent scales. (AC +2)
You are agile. (Dex +4, Str/Int -1)
You are strong-willed. (Will+)
You are weak. (Str -2)


   Skills:
 + Level 16.0(21.0) Fighting
 - Level 20.0(25.0) Ranged Weapons
 - Level 8.0(13.0) Armour
 - Level 15.0(20.0) Dodging
 - Level 1.5(6.5) Stealth
 - Level 10.0 Invocations


You had 18 spell levels left.
You didn't know any spells.
Your spell library was empty.

Inventory:

Hand Weapons
 q - a +2 longbow of draining
 y - the +7 arbalest "Mouheet" (weapon) {elec, rElec Str+2 Int-3 Dex+3}
   (Okawaru gifted it to you on level 1 of the Vaults)

   Str:       It affects your strength (+2).
   Int:       It affects your intelligence (-3).
   Dex:       It affects your dexterity (+3).
   rElec:     It insulates you from electricity.
Armour
 c - a +3 leather armour of fire resistance (worn)
 e - a +2 pair of gloves of dexterity (worn)
 g - a +2 cloak (worn)
 j - a +2 hat (worn)
 o - a +0 troll leather armour
 t - the +2 barding "Tuss" (worn) {rPois Regen+}
   (Okawaru gifted it to you on level 14 of the Dungeon)

   rPois:     It protects you from poison.
   Regen:     It increases your rate of health regeneration.
 u - the +0 barding "Xefuor" {rF+ rCorr}
   (Okawaru gifted it to you on level 12 of the Dungeon)

   rF:        It protects you from fire.
   rCorr:     It protects you from acid and corrosion.
Jewellery
 m - the amulet of Mudeisell (around neck) {Faith Str+4}
   (You found it on level 6 of the Dungeon)

   [amulet of faith]

   It allows you to gain divine favour quickly.
   Str:       It affects your strength (+4).
 r - an amulet of reflection
 v - a +6 ring of dexterity (left hand)
 w - a +6 ring of dexterity (right hand)
Wands
 f - a wand of digging (24)
Scrolls
 a - 15 scrolls of identify
 n - 2 scrolls of teleportation
 x - 2 scrolls of enchant armour
Potions
 b - 5 potions of might
 d - 3 potions of resistance
 h - 11 potions of curing
 i - 2 potions of haste
 k - a potion of cancellation
 l - 2 potions of heal wounds
 p - 4 potions of mutation
 s - a potion of magic

Dungeon Overview and Level Annotations

Branches:
Dungeon (15/15)            Temple (1/1) D:7            Lair (5/5) D:10
  Swamp (4/4) Lair:2       Spider (3/4) Lair:3        Slime (0/5) Lair:5
    Orc (2/2) D:12            Elf (0/3) Orc:2        Vaults (2/5) D:13
 Depths (0/4) D:15         WizLab (1/1)
  Crypt: Vaults:2-3

Altars:
Ashenzari
Cheibriados
Dithmenos
Elyvilon
Fedhas
Gozag
Hepliaklqana
Kikubaaqudgha
Makhleb
Nemelex Xobeh
Okawaru
Qazlal
Ru
Sif Muna
Trog
Uskayaw
Vehumet
Wu Jian
Xom
Yredelemnul
Zin
The Shining One
Jiyva

Shops:
D:12 ([   Orc:2 [[*:[:=[

Portals:
Abyss: Lair:5
Trove: D:10 (give 2 scrolls of acquirement)

Annotations:
D:4 2 transporters
Lair:5 2 transporters, qw's ghost, journeyman GrFi


Message History

The +1 trident of venom hits you from afar.
You shoot a bolt.
The bolt hits qw's illusion but does no damage.
Qw's illusion is heavily wounded.
You feel sick. The +2 flail of protection misses you.
Qw's illusion hits you but does no damage.
The rakshasa blinks!
The +1 trident of venom completely misses you.
The +2 flail of protection hits you!
You shoot a bolt. The bolt closely misses qw's illusion.
You feel sick.
The +1 trident of venom hits you but does no damage.
The +2 flail of protection hits you. Qw's illusion hits you!
The rakshasa blinks!
The +1 trident of venom barely misses you.
The +2 flail of protection closely misses you.
You shoot a bolt. The bolt hits qw's illusion!!!
Qw's illusion is severely wounded.
You feel sick.
The rakshasa blinks! x2; Qw's illusion completely misses you.
The +1 trident of venom barely misses you.
The +2 flail of protection hits you.
You shoot a bolt.
The bolt completely misses qw's illusion.
You feel sick.
The +1 trident of venom completely misses you.
The +2 flail of protection hits you! Qw's illusion misses you.
The +1 trident of venom closely misses you.
The +2 flail of protection completely misses you.
You shoot a bolt. The bolt misses qw's illusion.
You feel sick.
The +1 trident of venom hits you from afar!
Qw's illusion hits you!! The +2 flail of protection hits you!
The +1 trident of venom hits you but does no damage.
26662 ||| READING 3 scrolls of teleportation.
As you read the scroll of teleportation, it crumbles to dust.
You feel strangely unstable.
You feel sick. The +2 flail of protection hits you!
The rakshasa weaves an illusion.
Qw's illusion hits you!!
You die...

#..## ##''##
##..### ##...##
###.)###
###...### #
##..#..###
...#####.....##
.RRR###@..##..##
.8.R(((@..##...##
...RR((##.....###
....######..[###
:[[[### ######
#### #### ###


You could see a strange machine, 6 rakshasas, 5 dancing weapons and qw's
illusion.

Vanquished Creatures
  A tentacled monstrosity (Swamp:3)
  Mlioglotl (Spider:1)
  A walking earthen tome (WizLab)
  A walking divine tome (WizLab)
  Frances (D:12)
  Roxanne (D:14)
  Kirke (Swamp:2)
  A fenstrider witch (Swamp:2)
  An emperor scorpion (Spider:3)
  2 vault wardens
  An ironbound thunderhulk (Vaults:1)
  2 ghost moths (Spider:3)
  3 ironbound preservers
  5 very ugly things
  4 formless jellyfish
  3 eleionomae
  Nessos (D:14)
  9 bunyips
  10 dire elephants
  2 green deaths (Swamp:4)
  Josephine (D:14)
  An ettin (D:15)
  2 great orbs of eyes
  2 entropy weavers
  4 yaktaur captains
  2 rakshasas (WizLab)
  2 vault guards (D:13)
  2 ghost crabs
  15 hydras
  2 hell beasts (Swamp:4)
  2 catoblepae (Lair:5)
  A radroach (Spider:3)
  Erica (D:8)
  5 dancing weapons (WizLab)
  14 alligators
  2 death scarabs
  4 ironbound frosthearts (Vaults:1)
  6 boulder beetles
  7 centaur warriors
  2 two-headed ogres
  3 tengu warriors
  4 death yaks (Lair:5)
  A deep troll shaman (Lair:5)
  6 demonic crawlers
  Urug (Lair:5)
  5 orc high priests (Orc:2)
  A shock serpent (shapeshifter) (D:13)
  6 spriggans
  2 skysharks (Lair:2)
  8 goliath frogs
  2 pharaoh ants
  2 sun moths
  3 spriggan druids
  8 bog bodies
  15 deep trolls
  9 swamp dragons
  2 orb spiders (Spider:1)
  6 ironbound convokers (Vaults:1)
  5 wizards
  2 deep elf pyromancers
  3 necromancers
  2 steelbarb worms (Spider:1)
  4 lindwurms
  2 orc knights
  2 orc sorcerers
  9 wolf spiders
  A manticore (shapeshifter) (D:15)
  4 will-o-the-wisps
  A fire giant zombie (Vaults:1)
  5 manticores
  5 cyclopes
  18 ugly things
  A human zombie (Vaults:1)
  14 elephants
  Joseph (D:8)
  Maurice (D:8)
  3 moths of wrath
  6 black mambas
  5 torpor snails
  5 vault sentinels
  9 cane toads
  A gargoyle (D:14)
  A kobold demonologist (D:6)
  3 orange demons (Swamp:4)
  14 yaktaurs
  5 rime drakes
  3 tengu conjurers
  An efreet (D:13)
  8 komodo dragons
  A bloated husk (Swamp:3)
  7 hornets
  8 trolls
  4 polar bears
  4 tyrant leeches
  Prince Ribbit (D:7)
  5 tarantellas
  10 blink frogs
  7 dream sheep (Lair:3)
  11 culicivoras
  27 slime creatures
  16 jumping spiders
  8 wraiths
  8 water elementals (D:14)
  23 humans
  6 wyverns
  6 shadows
  A golden eye (shapeshifter) (D:15)
  2 hogs (Swamp:2)
  30 yaks
  A hog (shapeshifter) (D:14)
  8 vampire mosquitoes
  7 basilisks
  2 steam dragons
  44 redbacks
  13 swamp worms
  A glowing shapeshifter zombie (Vaults:1)
  7 wargs
  17 water moccasins
  Duvessa (D:7)
  18 orc warriors
  3 sky beasts
  A large abomination (Swamp:4)
  5 black bears
  An ice beast (D:6)
  4 ogres
  12 wolves
  A swamp drake (Swamp:1)
  2 centaurs
  3 kobold brigands
  13 bullfrogs
  4 gnoll sergeants
  2 scorpions (D:5)
  5 wights (D:9)
  Dowan (D:7)
  6 killer bees (D:7)
  7 electric eels
  2 howler monkeys
  37 orc priests
  2 hounds
  A jelly (D:8)
  A gnoll bouda (D:6)
  4 iguanas
  17 orc wizards
  19 gnolls
  10 adders
  2 shadow imps (D:6)
  A white imp (D:8)
  An ufetubus (D:7)
  2 dart slugs (D:1)
  4 worms
  78 orcs
  4 endoplasms (D:1)
  A giant cockroach (D:2)
  A goblin (D:1)
  6 hobgoblins
  A quokka (D:2)
  12 ball pythons
  7 bats
  6 frilled lizards
  19 kobolds
  5 rats
973 creatures vanquished.

Vanquished Creatures (others)
  A wolf spider (Spider:3)
  A vault sentinel (Vaults:1)
  A vampire (D:14)
  An orc wizard (D:13)
  An orc (D:13)
  10 foxfires
15 creatures vanquished.

Grand Total: 988 creatures vanquished

Notes
Turn   | Place    | Note
-------+----------+-------------------------------------------
     0 | D:1      | qw the Naga Hunter began the quest for the Orb.
     0 | D:1      | Reached XP level 1. HP: 19/19 MP: 1/1
     0 | D:1      | 0 ||| qw: Version: 0.2-a-122-gbc61b45
     0 | D:1      | 0 ||| qw: Game counter: 3572
     0 | D:1      | 0 ||| qw: Always use a shield: true
     0 | D:1      | 0 ||| qw: God list: Okawaru
     0 | D:1      | 0 ||| qw: Allow faded altars: false
     0 | D:1      | 0 ||| qw: Do Orc after D:15 true
     0 | D:1      | 0 ||| qw: Do second Lair branch before Depths: true
     0 | D:1      | 0 ||| qw: Lair rune preference: random
     0 | D:1      | 0 ||| qw: Plans: Normal
     0 | D:1      | 0 ||| PLANNING D:1-11
    25 | D:1      | 25 ||| INVOKING Spit Poison.
    30 | D:1      | 30 ||| INVOKING Spit Poison.
    60 | D:1      | 60 ||| INVOKING Spit Poison.
    74 | D:1      | 74 ||| INVOKING Spit Poison.
    76 | D:1      | Reached skill level 4 in Ranged Weapons
    76 | D:1      | Reached XP level 2. HP: 26/26 MP: 2/2
    79 | D:1      | 79 ||| INVOKING Spit Poison.
    82 | D:1      | 82 ||| INVOKING Spit Poison.
    85 | D:1      | 85 ||| INVOKING Spit Poison.
   123 | D:1      | 123 ||| INVOKING Spit Poison.
   131 | D:1      | 131 ||| INVOKING Spit Poison.
   302 | D:1      | 302 ||| INVOKING Spit Poison.
   370 | D:1      | 370 ||| INVOKING Spit Poison.
   498 | D:1      | 498 ||| INVOKING Spit Poison.
   499 | D:1      | Reached XP level 3. HP: 32/32 MP: 3/3
   553 | D:1      | 553 ||| INVOKING Spit Poison.
   684 | D:1      | 684 ||| INVOKING Spit Poison.
   761 | D:1      | 761 ||| UPGRADING to +4 ring of protection.
   762 | D:1      | 762 ||| READING scroll labelled OLUIZEZOQO.
   763 | D:1      | 763 ||| READING scroll labelled OLANAPHITRI.
   764 | D:1      | 764 ||| READING scroll labelled YTIAZX AMEFFY.
   765 | D:1      | 765 ||| READING scroll labelled YXESEX IDYSS.
   766 | D:1      | 766 ||| DRINKING 2 viscous sapphire potions.
   766 | D:1      | Gained mutation: You are clumsy. (Dex -2) [potion of
                  | mutation]
   766 | D:1      | Gained mutation: You occasionally lose the ability to read
                  | scrolls when taking damage. [potion of mutation]
   767 | D:1      | 767 ||| DRINKING potion of mutation.
   767 | D:1      | Lost mutation: You occasionally lose the ability to read
                  | scrolls when taking damage. [potion of mutation]
   767 | D:1      | Lost mutation: You are clumsy. (Dex -2) [potion of
                  | mutation]
   767 | D:1      | Gained mutation: You occasionally lose the ability to read
                  | scrolls when taking damage. [potion of mutation]
   767 | D:1      | Gained mutation: You expend magic power (3 MP) to
                  | strengthen your wands. [potion of mutation]
   767 | D:1      | Gained mutation: Your spells are a little harder to cast,
                  | but a little more powerful. [potion of mutation]
   768 | D:1      | 768 ||| DROPPING scroll of butterflies.
   788 | D:2      | 788 ||| INVOKING Spit Poison.
   800 | D:2      | 800 ||| INVOKING Spit Poison.
   805 | D:2      | 805 ||| INVOKING Spit Poison.
   843 | D:2      | 843 ||| INVOKING Spit Poison.
   856 | D:2      | 856 ||| INVOKING Spit Poison.
   864 | D:2      | Reached skill level 5 in Ranged Weapons
   864 | D:2      | Reached XP level 4. HP: 39/39 MP: 4/4
   911 | D:2      | 911 ||| INVOKING Spit Poison.
   914 | D:2      | 914 ||| INVOKING Spit Poison.
   986 | D:2      | 986 ||| INVOKING Spit Poison.
  1038 | D:2      | 1038 ||| INVOKING Spit Poison.
  1105 | D:2      | 1105 ||| INVOKING Spit Poison.
  1111 | D:2      | 1111 ||| INVOKING Spit Poison.
  1114 | D:2      | 1114 ||| INVOKING Spit Poison.
  1121 | D:2      | 1121 ||| DRINKING potion of mutation.
  1121 | D:2      | Lost mutation: You expend magic power (3 MP) to strengthen
                  | your wands. [potion of mutation]
  1121 | D:2      | Lost mutation: Your spells are a little harder to cast, but
                  | a little more powerful. [potion of mutation]
  1121 | D:2      | Gained mutation: You are vulnerable to cold. (rC-) [potion
                  | of mutation]
  1121 | D:2      | Gained mutation: You are partially covered in iridescent
                  | scales. (AC +2) [potion of mutation]
  1121 | D:2      | Gained mutation: Your tail ends in a venomous barb. [potion
                  | of mutation]
  1155 | D:2      | 1155 ||| INVOKING Spit Poison.
  1164 | D:2      | 1164 ||| INVOKING Spit Poison.
  1246 | D:2      | Found a faded altar of an unknown god.
  1354 | D:2      | 1354 ||| UPGRADING to +5 ring of evasion.
  1355 | D:2      | 1355 ||| READING scroll labelled UBESAGGARENT.
  1356 | D:2      | 1356 ||| READING scroll labelled GEYLLE TAUQ.
  1357 | D:2      | 1357 ||| READING scroll labelled SUBER OMONWY.
  1358 | D:2      | 1358 ||| DRINKING 2 purple potions.
  1359 | D:2      | 1359 ||| READING 2 scrolls of identify.
  1359 | D:2      | 1359 ||| IDENTIFYING fuming orange potion
  1360 | D:2      | 1360 ||| DROPPING potion of degeneration.
  1424 | D:3      | 1424 ||| INVOKING Spit Poison.
  1432 | D:3      | 1432 ||| INVOKING Spit Poison.
  1438 | D:3      | 1438 ||| INVOKING Spit Poison.
  1439 | D:3      | Reached skill level 3 in Fighting
  1444 | D:3      | Reached XP level 5. HP: 44/49 MP: 5/5
  1505 | D:3      | 1505 ||| INVOKING Spit Poison.
  1511 | D:3      | 1511 ||| INVOKING Spit Poison.
  1591 | D:3      | Noticed a black bear
  1592 | D:3      | 1592 ||| INVOKING Spit Poison.
  1597 | D:3      | 1597 ||| INVOKING Spit Poison.
  1599 | D:3      | Killed a black bear
  1600 | D:3      | Reached skill level 6 in Ranged Weapons
  1600 | D:3      | Reached XP level 6. HP: 38/56 MP: 6/6
  1603 | D:3      | 1603 ||| INVOKING Spit Poison.
  1728 | D:3      | 1728 ||| READING scroll of brand weapon.
  1728 | D:3      | 1728 ||| BRANDING +0 shortbow of draining.
  1791 | D:3      | 1791 ||| READING scroll labelled HOETEG DOSCHO.
  1792 | D:3      | 1792 ||| READING scroll labelled YRUQAOVUYB.
  1793 | D:3      | 1793 ||| DRINKING 2 white potions.
  1794 | D:3      | 1794 ||| DRINKING 2 fuming yellow potions.
  1844 | D:3      | 1844 ||| READING 2 scrolls of identify.
  1844 | D:3      | 1844 ||| IDENTIFYING golden potion
  1845 | D:3      | 1845 ||| DROPPING potion of brilliance.
  1846 | D:3      | 1846 ||| DROPPING potion of lignification.
  1902 | D:4      | 1902 ||| INVOKING Spit Poison.
  1909 | D:4      | Found an opulent altar of Gozag.
  1946 | D:4      | 1946 ||| INVOKING Spit Poison.
  1954 | D:4      | 1954 ||| INVOKING Spit Poison.
  1980 | D:4      | 1980 ||| DRINKING 2 potions of mutation.
  1980 | D:4      | Lost mutation: You are vulnerable to cold. (rC-) [potion of
                  | mutation]
  1980 | D:4      | Lost mutation: Your tail ends in a venomous barb. [potion
                  | of mutation]
  1980 | D:4      | Gained mutation: Your spells are a little easier to cast,
                  | but a little less powerful. [potion of mutation]
  1980 | D:4      | Gained mutation: Your flesh is heat resistant. (rF+)
                  | [potion of mutation]
  1981 | D:4      | 1981 ||| DRINKING potion of mutation.
  1981 | D:4      | Lost mutation: Your spells are a little easier to cast, but
                  | a little less powerful. [potion of mutation]
  1981 | D:4      | Lost mutation: You occasionally lose the ability to read
                  | scrolls when taking damage. [potion of mutation]
  1981 | D:4      | Lost mutation: Your flesh is heat resistant. (rF+) [potion
                  | of mutation]
  1981 | D:4      | Gained mutation: You are agile. (Dex +4, Str/Int -1)
                  | [potion of mutation]
  1981 | D:4      | Gained mutation: You are weak. (Str -2) [potion of
                  | mutation]
  1985 | D:4      | 1985 ||| INVOKING Spit Poison.
  2006 | D:4      | 2006 ||| INVOKING Spit Poison.
  2018 | D:4      | Found a transporter.
  2022 | D:4      | Found a transporter.
  2029 | D:4      | Noticed a yak
  2038 | D:4      | Found a glowing silver altar of Zin.
  2092 | D:4      | 2092 ||| INVOKING Spit Poison.
  2160 | D:4      | 2160 ||| INVOKING Spit Poison.
  2244 | D:4      | 2244 ||| INVOKING Spit Poison.
  2352 | D:4      | 2352 ||| INVOKING Spit Poison.
  2382 | D:4      | Found a shimmering blue altar of Sif Muna.
  2389 | D:4      | 2389 ||| INVOKING Spit Poison.
  2392 | D:4      | 2392 ||| INVOKING Spit Poison.
  2395 | D:4      | 2395 ||| FLEEEEING.
  2396 | D:4      | 2396 ||| FLEEEEING.
  2532 | D:4      | 2532 ||| READING scroll labelled BASANTUATZ.
  2646 | D:5      | Entered Level 5 of the Dungeon
  2647 | D:5      | 2647 ||| INVOKING Spit Poison.
  2651 | D:5      | 2651 ||| INVOKING Spit Poison.
  2652 | D:5      | Reached XP level 7. HP: 64/64 MP: 7/7
  2655 | D:5      | 2655 ||| INVOKING Spit Poison.
  2658 | D:5      | 2658 ||| INVOKING Spit Poison.
  2660 | D:5      | 2660 ||| STAIRDANCE
  2663 | D:4      | Reached skill level 7 in Ranged Weapons
  2736 | D:5      | 2736 ||| INVOKING Spit Poison.
  2770 | D:5      | 2770 ||| INVOKING Spit Poison.
  2775 | D:5      | 2775 ||| INVOKING Spit Poison.
  2823 | D:5      | 2823 ||| INVOKING Spit Poison.
  2826 | D:5      | 2826 ||| INVOKING Spit Poison.
  2829 | D:5      | 2829 ||| INVOKING Spit Poison.
  2833 | D:5      | 2833 ||| INVOKING Spit Poison.
  2838 | D:5      | 2838 ||| INVOKING Spit Poison.
  2839 | D:5      | 2839 ||| INVOKING Spit Poison.
  2985 | D:5      | 2985 ||| INVOKING Spit Poison.
  2988 | D:5      | 2988 ||| INVOKING Spit Poison.
  2994 | D:5      | Reached skill level 8 in Ranged Weapons
  2994 | D:5      | Reached XP level 8. HP: 71/72 MP: 8/8
  2996 | D:5      | 2996 ||| INVOKING Spit Poison.
  2999 | D:5      | 2999 ||| INVOKING Spit Poison.
  3058 | D:5      | 3058 ||| INVOKING Spit Poison.
  3061 | D:5      | 3061 ||| INVOKING Spit Poison.
  3066 | D:5      | 3066 ||| INVOKING Spit Poison.
  3069 | D:5      | 3069 ||| INVOKING Spit Poison.
  3280 | D:5      | 3280 ||| INVOKING Spit Poison.
  3308 | D:5      | 3308 ||| READING scroll labelled QUPLUL OTZAY.
  3309 | D:5      | 3309 ||| DRINKING 3 smoky inky potions.
  3310 | D:5      | 3310 ||| READING 2 scrolls of identify.
  3310 | D:5      | 3310 ||| IDENTIFYING lumpy orange potion
  3477 | D:6      | 3477 ||| INVOKING Spit Poison.
  3481 | D:6      | 3481 ||| INVOKING Spit Poison.
  3561 | D:6      | 3561 ||| INVOKING Spit Poison.
  3565 | D:6      | 3565 ||| INVOKING Spit Poison.
  3606 | D:6      | Noticed a purple ugly thing
  3607 | D:6      | 3607 ||| INVOKING Spit Poison.
  3613 | D:6      | 3613 ||| INVOKING Spit Poison.
  3617 | D:6      | 3617 ||| INVOKING Spit Poison.
  3618 | D:6      | Killed a purple ugly thing
  3619 | D:6      | Reached skill level 9 in Ranged Weapons
  3621 | D:6      | 3621 ||| INVOKING Spit Poison.
  3625 | D:6      | 3625 ||| INVOKING Spit Poison.
  3789 | D:6      | Identified the amulet of Mudeisell {Faith Str+4}
  3805 | D:6      | 3805 ||| Stepping ~*~*~tactically~*~*~ (outnumbered).
  3806 | D:6      | 3806 ||| INVOKING Spit Poison.
  3806 | D:6      | Noticed a kobold demonologist
  3809 | D:6      | 3809 ||| Stepping ~*~*~tactically~*~*~ (outnumbered).
  3810 | D:6      | 3810 ||| INVOKING Spit Poison.
  3811 | D:6      | Reached skill level 3 in Dodging
  3811 | D:6      | Reached XP level 9. HP: 55/81 MP: 9/9
  3814 | D:6      | Noticed a red devil
  3816 | D:6      | 3816 ||| INVOKING Spit Poison.
  3817 | D:6      | HP: 11/81 [red devil/+3 trident of protection[a kobold
                  | demonologist] (16)]
  3818 | D:6      | 3818 ||| DRINKING 2 potions of heal wounds.
  3819 | D:6      | 3819 ||| INVOKING Spit Poison.
  3822 | D:6      | Killed a kobold demonologist
  3823 | D:6      | Reached skill level 6 in Fighting
  3824 | D:6      | 3824 ||| INVOKING Spit Poison.
  3826 | D:6      | HP: 19/82 [kobold brigand/+0 dagger (5)]
  3827 | D:6      | 3827 ||| DRINKING potion of heal wounds.
  3828 | D:6      | 3828 ||| INVOKING Spit Poison.
  3829 | D:6      | Reached skill level 10 in Ranged Weapons
  3834 | D:6      | 3834 ||| INVOKING Spit Poison.
  3839 | D:6      | 3839 ||| INVOKING Spit Poison.
  3844 | D:6      | 3844 ||| INVOKING Spit Poison.
  4049 | D:6      | 4049 ||| INVOKING Spit Poison.
  4062 | D:6      | Found an ancient bone altar of Kikubaaqudgha.
  4144 | D:6      | 4144 ||| INVOKING Spit Poison.
  4153 | D:6      | 4153 ||| INVOKING Spit Poison.
  4157 | D:6      | 4157 ||| INVOKING Spit Poison.
  4352 | D:6      | 4352 ||| UPGRADING to +0 cloak.
  4357 | D:6      | 4357 ||| UPGRADING to amulet of Mudeisell {Faith Str+4}.
  4362 | D:6      | 4362 ||| READING scroll labelled FIEMEU AHERA.
  4363 | D:6      | 4363 ||| READING scroll labelled SEOFEWNUHO.
  4389 | D:7      | 4389 ||| INVOKING Spit Poison.
  4392 | D:7      | Reached skill level 1 in Armour
  4393 | D:7      | 4393 ||| INVOKING Spit Poison.
  4401 | D:7      | 4401 ||| INVOKING Spit Poison.
  4418 | D:7      | 4418 ||| INVOKING Spit Poison.
  4421 | D:7      | 4421 ||| INVOKING Spit Poison.
  4425 | D:7      | 4425 ||| INVOKING Spit Poison.
  4495 | D:7      | Noticed Duvessa
  4495 | D:7      | Noticed Dowan
  4496 | D:7      | 4496 ||| INVOKING Spit Poison.
  4499 | D:7      | Killed Duvessa
  4500 | D:7      | 4500 ||| INVOKING Spit Poison.
  4502 | D:7      | Killed Dowan
  4582 | D:7      | Found a staircase to the Ecumenical Temple.
  4583 | D:7      | 4583 ||| PLANNING TEMPLE
  4583 | D:7      | 4583 ||| UPGRADING to +2 hat.
  4596 | Temple   | Entered the Ecumenical Temple
  4666 | Temple   | 4666 ||| PLANNING D:1-11
  4702 | D:7      | 4702 ||| INVOKING Spit Poison.
  4710 | D:7      | 4710 ||| INVOKING Spit Poison.
  4716 | D:7      | 4716 ||| INVOKING Spit Poison.
  4719 | D:7      | 4719 ||| INVOKING Spit Poison.
  4722 | D:7      | 4722 ||| INVOKING Spit Poison.
  4726 | D:7      | 4726 ||| INVOKING Spit Poison.
  4728 | D:7      | Reached XP level 10. HP: 62/94 MP: 10/10
  4729 | D:7      | 4729 ||| INVOKING Spit Poison.
  4857 | D:7      | Found a hazy altar of Hepliaklqana.
  4937 | D:7      | 4937 ||| INVOKING Spit Poison.
  5081 | D:7      | Noticed Prince Ribbit
  5082 | D:7      | 5082 ||| INVOKING Spit Poison.
  5085 | D:7      | Killed Prince Ribbit
  5086 | D:7      | Reached skill level 11 in Ranged Weapons
  5102 | D:7      | 5102 ||| INVOKING Spit Poison.
  5105 | D:7      | 5105 ||| INVOKING Spit Poison.
  5109 | D:7      | 5109 ||| INVOKING Spit Poison.
  5139 | D:7      | 5139 ||| INVOKING Spit Poison.
  5248 | D:7      | 5248 ||| INVOKING Spit Poison.
  5252 | D:7      | 5252 ||| INVOKING Spit Poison.
  5256 | D:7      | 5256 ||| INVOKING Spit Poison.
  5259 | D:7      | 5259 ||| INVOKING Spit Poison.
  5264 | D:7      | 5264 ||| INVOKING Spit Poison.
  5267 | D:7      | 5267 ||| INVOKING Spit Poison.
  5273 | D:7      | 5273 ||| INVOKING Spit Poison.
  5279 | D:7      | 5279 ||| INVOKING Spit Poison.
  5586 | D:8      | 5586 ||| INVOKING Spit Poison.
  5591 | D:8      | 5591 ||| INVOKING Spit Poison.
  5593 | D:8      | 5593 ||| Stepping ~*~*~tactically~*~*~ (outnumbered).
  5594 | D:8      | 5594 ||| INVOKING Spit Poison.
  5597 | D:8      | 5597 ||| Stepping ~*~*~tactically~*~*~ (outnumbered).
  5600 | D:8      | 5600 ||| INVOKING Spit Poison.
  5603 | D:8      | 5603 ||| INVOKING Spit Poison.
  5659 | D:8      | Noticed Maurice
  5665 | D:8      | 5665 ||| INVOKING Spit Poison.
  5668 | D:8      | 5668 ||| INVOKING Spit Poison.
  5671 | D:8      | 5671 ||| INVOKING Spit Poison.
  5672 | D:8      | Killed Maurice
  5684 | D:8      | Noticed Erica
  5687 | D:8      | 5687 ||| INVOKING Spit Poison.
  5690 | D:8      | Killed Erica
  5691 | D:8      | Reached skill level 12 in Ranged Weapons
  5859 | D:8      | 5859 ||| READING scroll of enchant armour.
  5859 | D:8      | 5859 ||| ENCHANTING +0 cloak.
  5955 | D:8      | Noticed Joseph
  5957 | D:8      | 5957 ||| INVOKING Spit Poison.
  5963 | D:8      | 5963 ||| INVOKING Spit Poison.
  5967 | D:8      | 5967 ||| INVOKING Spit Poison.
  5973 | D:8      | 5973 ||| INVOKING Spit Poison.
  5974 | D:8      | Killed Joseph
  6300 | D:8      | 6300 ||| INVOKING Spit Poison.
  6302 | D:8      | 6302 ||| Stepping ~*~*~tactically~*~*~ (cloud).
  6304 | D:8      | 6304 ||| INVOKING Spit Poison.
  6309 | D:8      | Found an iron altar of Okawaru.
  6310 | D:8      | 6310 ||| PLANNING OKAWARU WORSHIP
  6314 | D:8      | Became a worshipper of Warmaster Okawaru
  6314 | D:8      | 6314 ||| PLANNING D:1-11
  6382 | D:9      | 6382 ||| INVOKING Spit Poison.
  6384 | D:9      | 6384 ||| Stepping ~*~*~tactically~*~*~ (outnumbered).
  6387 | D:9      | 6387 ||| INVOKING Spit Poison.
  6390 | D:9      | 6390 ||| Stepping ~*~*~tactically~*~*~ (outnumbered).
  6391 | D:9      | Reached XP level 11. HP: 94/103 MP: 11/11
  6392 | D:9      | 6392 ||| INVOKING Spit Poison.
  6399 | D:9      | 6399 ||| INVOKING Spit Poison.
  6404 | D:9      | 6404 ||| INVOKING Spit Poison.
  6408 | D:9      | 6408 ||| INVOKING Spit Poison.
  6512 | D:9      | 6512 ||| INVOKING Spit Poison.
  6514 | D:9      | 6514 ||| Stepping ~*~*~tactically~*~*~ (outnumbered).
  6515 | D:9      | 6515 ||| INVOKING Spit Poison.
  6522 | D:9      | Reached * piety under Okawaru
  6621 | D:9      | Reached skill level 1 in Invocations
  6667 | D:9      | 6667 ||| Stepping ~*~*~tactically~*~*~ (outnumbered).
  6668 | D:9      | 6668 ||| INVOKING Spit Poison.
  6669 | D:9      | 6669 ||| Stepping ~*~*~tactically~*~*~ (outnumbered).
  6675 | D:9      | 6675 ||| INVOKING Spit Poison.
  6678 | D:9      | 6678 ||| INVOKING Spit Poison.
  6692 | D:9      | 6692 ||| INVOKING Spit Poison.
  6718 | D:9      | 6718 ||| INVOKING Heroism.
  6724 | D:9      | 6724 ||| INVOKING Spit Poison.
  6922 | D:9      | Found a bloodstained altar of Trog.
  6964 | D:9      | 6964 ||| DROPPING ring of wizardry.
  6986 | D:10     | Entered Level 10 of the Dungeon
  7025 | D:10     | 7025 ||| INVOKING Spit Poison.
  7032 | D:10     | 7032 ||| INVOKING Spit Poison.
  7037 | D:10     | 7037 ||| INVOKING Spit Poison.
  7041 | D:10     | 7041 ||| INVOKING Spit Poison.
  7043 | D:10     | Reached skill level 13 in Ranged Weapons
  7048 | D:10     | 7048 ||| INVOKING Spit Poison.
  7049 | D:10     | 7049 ||| INVOKING Heroism.
  7051 | D:10     | Reached skill level 3 in Invocations
  7053 | D:10     | 7053 ||| INVOKING Spit Poison.
  7059 | D:10     | 7059 ||| INVOKING Heroism.
  7060 | D:10     | 7060 ||| INVOKING Spit Poison.
  7063 | D:10     | 7063 ||| INVOKING Spit Poison.
  7071 | D:10     | 7071 ||| INVOKING Spit Poison.
  7072 | D:10     | 7072 ||| INVOKING Heroism.
  7278 | D:10     | Found a staircase to the Lair.
  7335 | D:10     | 7335 ||| INVOKING Heroism.
  7336 | D:10     | 7336 ||| INVOKING Spit Poison.
  7350 | D:10     | 7350 ||| INVOKING Spit Poison.
  7515 | D:10     | 7515 ||| INVOKING Spit Poison.
  7519 | D:10     | 7519 ||| INVOKING Spit Poison.
  7522 | D:10     | 7522 ||| INVOKING Spit Poison.
  7527 | D:10     | 7527 ||| INVOKING Spit Poison.
  7532 | D:10     | 7532 ||| INVOKING Spit Poison.
  7533 | D:10     | 7533 ||| INVOKING Heroism.
  7538 | D:10     | 7538 ||| INVOKING Spit Poison.
  7543 | D:10     | 7543 ||| INVOKING Spit Poison.
  7544 | D:10     | 7544 ||| INVOKING Heroism.
  7546 | D:10     | Reached skill level 9 in Fighting
  7550 | D:10     | 7550 ||| INVOKING Spit Poison.
  7567 | D:10     | 7567 ||| INVOKING Heroism.
  7569 | D:10     | 7569 ||| INVOKING Spit Poison.
  7743 | D:10     | Found an ornate altar of the Wu Jian Council.
  7792 | D:10     | Found a radiant altar of Vehumet.
  7796 | D:10     | Noticed a two-headed ogre
  7797 | D:10     | 7797 ||| INVOKING Heroism.
  7800 | D:10     | 7800 ||| INVOKING Spit Poison.
  7802 | D:10     | Killed a two-headed ogre
  7873 | D:10     | Found a portal to a secret trove of treasure.
  7960 | D:10     | 7960 ||| INVOKING Heroism.
  7972 | D:10     | 7972 ||| INVOKING Spit Poison.
  7977 | D:10     | 7977 ||| INVOKING Spit Poison.
  8260 | D:10     | 8260 ||| INVOKING Spit Poison.
  8265 | D:10     | 8265 ||| INVOKING Spit Poison.
  8268 | D:10     | 8268 ||| INVOKING Spit Poison.
  8492 | D:10     | 8492 ||| PLANNING LAIR
  8492 | D:10     | 8492 ||| UPGRADING to +1 robe of willpower.
  8502 | D:10     | 8502 ||| DROPPING +0 leather armour.
  8503 | D:10     | 8503 ||| UPGRADING to +0 troll leather armour.
  8513 | D:10     | 8513 ||| DROPPING +1 robe of willpower.
  8514 | D:10     | 8514 ||| READING scroll labelled POTUR FISCHUOLL.
  8663 | Lair:1   | Entered Level 1 of the Lair of Beasts
  8664 | Lair:1   | 8664 ||| INVOKING Spit Poison.
  8665 | Lair:1   | 8665 ||| INVOKING Heroism.
  8667 | Lair:1   | 8667 ||| INVOKING Spit Poison.
  8673 | Lair:1   | 8673 ||| INVOKING Spit Poison.
  8678 | Lair:1   | 8678 ||| STAIRDANCE
  8680 | D:10     | 8680 ||| INVOKING Heroism.
  8687 | D:10     | Reached ** piety under Okawaru
  8715 | Lair:1   | 8715 ||| INVOKING Heroism.
  8758 | Lair:1   | 8758 ||| INVOKING Spit Poison.
  8762 | Lair:1   | 8762 ||| INVOKING Heroism.
  8764 | Lair:1   | 8764 ||| INVOKING Spit Poison.
  8769 | Lair:1   | 8769 ||| INVOKING Spit Poison.
  8805 | Lair:1   | 8805 ||| INVOKING Heroism.
  8816 | Lair:1   | 8816 ||| INVOKING Spit Poison.
  8819 | Lair:1   | 8819 ||| INVOKING Spit Poison.
  8820 | Lair:1   | 8820 ||| INVOKING Heroism.
  8823 | Lair:1   | 8823 ||| INVOKING Spit Poison.
  8838 | Lair:1   | 8838 ||| INVOKING Heroism.
  8841 | Lair:1   | Reached skill level 14 in Ranged Weapons
  8845 | Lair:1   | Reached XP level 12. HP: 114/114 MP: 13/15
  8881 | Lair:1   | 8881 ||| SWAPPING to +0 arbalest.
  8907 | Lair:1   | 8907 ||| DROPPING +0 heavy shortbow.
  8997 | Lair:1   | Reached skill level 6 in Dodging
  9033 | Lair:1   | 9033 ||| INVOKING Heroism.
  9087 | Lair:1   | Reached *** piety under Okawaru
  9204 | Lair:1   | 9204 ||| INVOKING Heroism.
  9215 | Lair:1   | 9215 ||| DROPPING +1 hat.
  9232 | Lair:1   | 9232 ||| INVOKING Heroism.
  9361 | Lair:1   | 9361 ||| INVOKING Heroism.
  9544 | Lair:1   | 9544 ||| READING 7 scrolls of identify.
  9544 | Lair:1   | 9544 ||| IDENTIFYING amethyst potion
  9545 | Lair:1   | 9545 ||| DROPPING potion of invisibility.
  9607 | Lair:2   | 9607 ||| INVOKING Heroism.
  9678 | Lair:2   | 9678 ||| INVOKING Heroism.
  9784 | Lair:2   | Noticed a skyshark
  9790 | Lair:2   | 9790 ||| INVOKING Heroism.
  9792 | Lair:2   | Killed a skyshark
  9863 | Lair:2   | 9863 ||| READING scroll of enchant weapon.
  9863 | Lair:2   | 9863 ||| ENCHANTING +0 arbalest.
  9909 | Lair:2   | Found a staircase to the Swamp.
  9911 | Lair:2   | 9911 ||| Stepping ~*~*~tactically~*~*~ (outnumbered).
  9917 | Lair:2   | 9917 ||| INVOKING Heroism.
  9921 | Lair:2   | Reached skill level 15 in Ranged Weapons
  9923 | Lair:2   | Reached **** piety under Okawaru
 10103 | Lair:2   | Noticed a skyshark
 10116 | Lair:2   | 10116 ||| INVOKING Heroism.
 10118 | Lair:2   | Killed a skyshark
 10245 | Lair:2   | 10245 ||| INVOKING Heroism.
 10350 | Lair:2   | 10350 ||| DROPPING ring of positive energy.
 10351 | Lair:2   | 10351 ||| READING scroll labelled LOR OJOLYLY.
 10381 | Lair:3   | Found a hole to the Spider Nest.
 10489 | Lair:3   | 10489 ||| INVOKING Heroism.
 10499 | Lair:3   | Gained mutation: You can use your snake-like lower body to
                  | constrict enemies. [Naga growth]
 10499 | Lair:3   | Reached XP level 13. HP: 69/123 MP: 14/17
 10623 | Lair:3   | 10623 ||| INVOKING Heroism.
 10743 | Lair:3   | Reached skill level 6 in Invocations
 10749 | Lair:3   | Reached ***** piety under Okawaru
 10754 | Lair:3   | 10754 ||| INVOKING Heroism.
 10838 | Lair:3   | 10838 ||| INVOKING Heroism.
 11061 | Lair:3   | 11061 ||| READING 7 scrolls of identify.
 11061 | Lair:3   | 11061 ||| IDENTIFYING fuming ruby potion
 11062 | Lair:3   | 11062 ||| READING 6 scrolls of identify.
 11062 | Lair:3   | 11062 ||| IDENTIFYING yellow potion
 11063 | Lair:3   | 11063 ||| DROPPING potion of ambrosia.
 11111 | Lair:4   | 11111 ||| INVOKING Heroism.
 11112 | Lair:4   | 11112 ||| INVOKING Finesse.
 11441 | Lair:4   | Found a shadowy altar of Dithmenos.
 11522 | Lair:4   | 11522 ||| INVOKING Heroism.
 11909 | Lair:4   | 11909 ||| READING scroll labelled ETRUGU DAMIU.
 11950 | Lair:5   | Entered Level 5 of the Lair of Beasts
 11951 | Lair:5   | 11951 ||| INVOKING Heroism.
 11966 | Lair:5   | 11966 ||| STAIRDANCE
 11967 | Lair:5   | 11967 ||| INVOKING Heroism.
 11976 | Lair:5   | Reached skill level 16 in Ranged Weapons
 11998 | Lair:5   | 11998 ||| INVOKING Heroism.
 12042 | Lair:5   | 12042 ||| INVOKING Heroism.
 12167 | Lair:5   | Found a viscous altar of Jiyva.
 12167 | Lair:5   | Found a staircase to the Slime Pits.
 12197 | Lair:5   | 12197 ||| INVOKING Heroism.
 12198 | Lair:5   | 12198 ||| INVOKING Finesse.
 12200 | Lair:5   | 12200 ||| Stepping ~*~*~tactically~*~*~ (cloud).
 12202 | Lair:5   | 12202 ||| Stepping ~*~*~tactically~*~*~ (cloud).
 12208 | Lair:5   | 12208 ||| Stepping ~*~*~tactically~*~*~ (cloud).
 12209 | Lair:5   | 12209 ||| Stepping ~*~*~tactically~*~*~ (cloud).
 12212 | Lair:5   | Received a gift from Okawaru
 12213 | Lair:5   | Reached skill level 9 in Invocations
 12462 | Lair:5   | 12462 ||| INVOKING Heroism.
 12463 | Lair:5   | 12463 ||| INVOKING Finesse.
 12497 | Lair:5   | 12497 ||| INVOKING Heroism.
 12508 | Lair:5   | Reached XP level 14. HP: 77/135 MP: 15/21
 12558 | Lair:5   | 12558 ||| INVOKING Finesse.
 12608 | Lair:5   | 12608 ||| INVOKING Heroism.
 12704 | Lair:5   | Noticed a cacodemon
 12716 | Lair:5   | 12716 ||| INVOKING Heroism.
 12816 | Lair:5   | Noticed qw's ghost (journeyman GrFi)
 12830 | Lair:5   | Found a transporter.
 12834 | Lair:5   | Found a transporter.
 12834 | Lair:5   | Found a one-way gate to the infinite horrors of the Abyss.
 13056 | Lair:5   | Noticed Urug
 13057 | Lair:5   | 13057 ||| INVOKING Heroism.
 13058 | Lair:5   | 13058 ||| INVOKING Finesse.
 13067 | Lair:5   | Killed Urug
 13286 | Lair:5   | Identified the +2 spear of Glory {antimagic, +Blink rN+
                  | Dex-5 SInv}
 13290 | Lair:5   | 13290 ||| PLANNING D:1-11
 13290 | Lair:5   | 13290 ||| UPGRADING to +3 leather armour of fire
                  | resistance.
 13516 | D:11     | Identified the +4 tower shield of Winter {rElec rN+ Str+3}
 14214 | D:11     | 14214 ||| PLANNING D
 14248 | D:12     | Identified a scroll of acquirement
 14257 | D:12     | 14257 ||| READING scroll of acquirement.
 14257 | D:12     | 14257 ||| ACQUIRING +2 longbow of flaming
 14257 | D:12     | Acquired a +2 longbow of flaming
 14259 | D:12     | 14259 ||| SWAPPING to +2 longbow of flaming.
 14260 | D:12     | 14260 ||| DROPPING +1 arbalest.
 14266 | D:12     | Found Qojocesh's Armour Shop.
 14284 | D:12     | Found a staircase to the Orcish Mines.
 14284 | D:12     | Found Was Muj's Weapon Shop.
 14292 | D:12     | 14292 ||| BUYING +1 pair of gloves of strength (198 gold).
 14292 | D:12     | Bought a +1 pair of gloves of strength for 198 gold pieces
 14371 | D:12     | Reached skill level 17 in Ranged Weapons
 14376 | D:12     | 14376 ||| READING scroll of enchant armour.
 14376 | D:12     | 14376 ||| ENCHANTING +1 cloak.
 14572 | D:12     | Noticed Frances
 14573 | D:12     | 14573 ||| INVOKING Heroism.
 14574 | D:12     | 14574 ||| INVOKING Finesse.
 14581 | D:12     | Killed Frances
 14725 | D:12     | 14725 ||| DRINKING 4 potions of curing.
 14725 | D:12     | 14725 ||| (to cure confusion)
 14727 | D:12     | Paralysed by a great orb of eyes for 2 turns
 14829 | D:12     | 14829 ||| Stepping ~*~*~tactically~*~*~ (outnumbered).
 14833 | D:12     | 14833 ||| INVOKING Heroism.
 14850 | D:12     | Identified the +0 barding "Xefuor" {rF+ rCorr} (Okawaru
                  | gifted it to you on level 12 of the Dungeon)
 14850 | D:12     | Received a gift from Okawaru
 14940 | D:12     | 14940 ||| INVOKING Heroism.
 14941 | D:12     | 14941 ||| INVOKING Finesse.
 15039 | D:12     | Identified the ring of Mikyth {*Slow MP+9 Dex+2 Slay+3}
 15051 | D:12     | Identified the +0 shortbow "Rarovaf" {freeze, rElec rC++
                  | Str+3 Int+2}
 15286 | D:12     | 15286 ||| UPGRADING to +1 pair of gloves of strength.
 15291 | D:12     | 15291 ||| UPGRADING to +0 barding "Xefuor" {rF+ rCorr}.
 15296 | D:12     | 15296 ||| UPGRADING to +0 troll leather armour.
 15306 | D:12     | 15306 ||| READING scroll of enchant armour.
 15306 | D:12     | 15306 ||| ENCHANTING +1 pair of gloves of strength.
 15307 | D:12     | 15307 ||| DROPPING ring of Mikyth {*Slow MP+9 Dex+2
                  | Slay+3}.
 15342 | D:13     | 15342 ||| STAIRDANCE
 15352 | D:12     | 15352 ||| INVOKING Heroism.
 15356 | D:12     | Reached skill level 3 in Armour
 15491 | D:13     | 15491 ||| INVOKING Heroism.
 15948 | D:13     | 15948 ||| Stepping ~*~*~tactically~*~*~ (outnumbered).
 15957 | D:13     | Reached XP level 15. HP: 141/141 MP: 22/22
 15971 | D:13     | Found a gate to the Vaults.
 16000 | D:13     | 16000 ||| DROPPING amulet of the acrobat.
 16001 | D:13     | 16001 ||| READING 10 scrolls of identify.
 16001 | D:13     | 16001 ||| IDENTIFYING inky potion
 16002 | D:13     | 16002 ||| DROPPING potion of berserk rage.
 16022 | D:14     | 16022 ||| INVOKING Heroism.
 16032 | D:14     | Identified the +2 barding "Tuss" {rPois Regen+} (Okawaru
                  | gifted it to you on level 14 of the Dungeon)
 16032 | D:14     | Received a gift from Okawaru
 16041 | D:14     | Reached skill level 18 in Ranged Weapons
 16127 | D:14     | Noticed Nessos
 16128 | D:14     | 16128 ||| INVOKING Finesse.
 16134 | D:14     | 16134 ||| INVOKING Heroism.
 16146 | D:14     | Killed Nessos
 16339 | D:14     | Noticed Josephine
 16350 | D:14     | Killed Josephine
 16351 | D:14     | Reached skill level 12 in Fighting
 16599 | D:14     | Noticed Roxanne
 16600 | D:14     | 16600 ||| INVOKING Heroism.
 16624 | D:14     | Killed Roxanne
 16899 | D:14     | 16899 ||| UPGRADING to +2 barding "Tuss" {rPois Regen+}.
 16909 | D:14     | 16909 ||| UPGRADING to +3 leather armour of fire
                  | resistance.
 17064 | D:15     | Entered Level 15 of the Dungeon
 17145 | D:15     | 17145 ||| READING scroll of brand weapon.
 17145 | D:15     | 17145 ||| BRANDING +2 longbow of flaming.
 17274 | D:15     | 17274 ||| INVOKING Heroism.
 17282 | D:15     | Reached skill level 9 in Dodging
 17327 | D:15     | 17327 ||| INVOKING Heroism.
 17372 | D:15     | Found a staircase to the Depths.
 17415 | D:15     | 17415 ||| INVOKING Heroism.
 17724 | D:15     | 17724 ||| PLANNING ORC
 17724 | D:15     | 17724 ||| DROPPING amulet of faith.
 17812 | Orc:1    | Entered Level 1 of the Orcish Mines
 17905 | Orc:1    | 17905 ||| INVOKING Heroism.
 17909 | Orc:1    | 17909 ||| Stepping ~*~*~tactically~*~*~ (outnumbered).
 18080 | Orc:2    | Entered Level 2 of the Orcish Mines
 18165 | Orc:2    | 18165 ||| INVOKING Heroism.
 18201 | Orc:2    | Gained mutation: You are strong-willed. (Will+) [a neqoxec]
 18293 | Orc:2    | Found Dumofuj's Jewellery Emporium.
 18294 | Orc:2    | 18294 ||| Stepping ~*~*~tactically~*~*~ (outnumbered).
 18325 | Orc:2    | 18325 ||| BUYING +6 ring of dexterity (468 gold).
 18325 | Orc:2    | Bought a +6 ring of dexterity for 468 gold pieces
 18325 | Orc:2    | 18325 ||| BUYING +6 ring of dexterity (468 gold).
 18325 | Orc:2    | Bought a +6 ring of dexterity for 468 gold pieces
 18348 | Orc:2    | Found a staircase to the Elven Halls.
 18368 | Orc:2    | 18368 ||| UPGRADING to +6 ring of dexterity.
 18370 | Orc:2    | 18370 ||| UPGRADING to +6 ring of dexterity.
 18372 | Orc:2    | 18372 ||| DROPPING +4 ring of protection.
 18373 | Orc:2    | 18373 ||| DROPPING +5 ring of evasion.
 18394 | Orc:1    | 18394 ||| Stepping ~*~*~tactically~*~*~ (outnumbered).
 18396 | Orc:1    | 18396 ||| Stepping ~*~*~tactically~*~*~ (outnumbered).
 18497 | Orc:2    | 18497 ||| Stepping ~*~*~tactically~*~*~ (outnumbered).
 18629 | Orc:2    | 18629 ||| Stepping ~*~*~tactically~*~*~ (outnumbered).
 18631 | Orc:2    | 18631 ||| Stepping ~*~*~tactically~*~*~ (outnumbered).
 18634 | Orc:2    | 18634 ||| Stepping ~*~*~tactically~*~*~ (outnumbered).
 18635 | Orc:2    | 18635 ||| INVOKING Heroism.
 18699 | Orc:2    | Found Kuippyl's General Store.
 18699 | Orc:2    | Found Sefese's Armour Emporium.
 18705 | Orc:2    | 18705 ||| BUYING +0 pair of gloves of dexterity (161 gold).
 18705 | Orc:2    | Bought a +0 pair of gloves of dexterity for 161 gold pieces
 18722 | Orc:2    | Found Tym Ves's Book Shoppe.
 18737 | Orc:2    | Found Jimihoshil's Antique Armour Shoppe.
 18745 | Orc:2    | 18745 ||| BUYING runed ring mail (238 gold).
 18745 | Orc:2    | Bought a runed ring mail for 238 gold pieces
 18745 | Orc:2    | 18745 ||| BUYING shiny ring mail (238 gold).
 18745 | Orc:2    | Bought a shiny ring mail for 238 gold pieces
 18764 | Orc:2    | Found Botodak's Antique Armour Shop.
 18765 | Orc:2    | 18765 ||| INVOKING Heroism.
 18769 | Orc:2    | 18769 ||| Stepping ~*~*~tactically~*~*~ (outnumbered).
 18770 | Orc:2    | 18770 ||| Stepping ~*~*~tactically~*~*~ (outnumbered).
 18796 | Orc:2    | 18796 ||| SHOPLISTING glowing ring mail (224 gold, have
                  | 184).
 18796 | Orc:2    | 18796 ||| SHOPLISTING pair of embroidered gloves (240 gold,
                  | have 184).
 18883 | Orc:2    | Found Ynefauq's Antique Armour Boutique.
 18891 | Orc:2    | 18891 ||| BUYING pair of runed gloves (217 gold).
 18891 | Orc:2    | Bought a pair of runed gloves for 217 gold pieces
 19005 | Orc:2    | Found Etweiv's Book Shoppe.
 19009 | Orc:2    | 19009 ||| PLANNING SWAMP:1-3
 19009 | Orc:2    | 19009 ||| UPGRADING to +0 pair of gloves of dexterity.
 19019 | Orc:2    | 19019 ||| DROPPING +2 ring mail of fire resistance.
 19020 | Orc:2    | 19020 ||| DROPPING +2 pair of gloves of strength.
 19021 | Orc:2    | 19021 ||| DROPPING +1 ring mail of fire resistance.
 19022 | Orc:2    | 19022 ||| DROPPING +2 pair of gloves of hurling.
 19173 | Swamp:1  | Entered Level 1 of the Swamp
 19180 | Swamp:1  | 19180 ||| INVOKING Heroism.
 19315 | Swamp:1  | 19315 ||| INVOKING Heroism.
 19341 | Swamp:1  | 19341 ||| INVOKING Heroism.
 19350 | Swamp:1  | Reached XP level 16. HP: 116/152 MP: 21/23
 19405 | Swamp:1  | 19405 ||| INVOKING Heroism.
 19660 | Swamp:2  | Noticed Kirke
 19661 | Swamp:2  | 19661 ||| INVOKING Heroism.
 19679 | Swamp:2  | 19679 ||| INVOKING Finesse.
 19687 | Swamp:2  | 19687 ||| INVOKING Heroism.
 19689 | Swamp:2  | Killed Kirke
 19741 | Swamp:2  | Noticed a fenstrider witch
 19748 | Swamp:2  | 19748 ||| INVOKING Heroism.
 19749 | Swamp:2  | Killed a fenstrider witch
 19749 | Swamp:2  | Received a gift from Okawaru
 19848 | Swamp:2  | 19848 ||| INVOKING Heroism.
 19858 | Swamp:2  | Reached skill level 19 in Ranged Weapons
 19859 | Swamp:2  | 19859 ||| Stepping ~*~*~tactically~*~*~ (cloud).
 19944 | Swamp:2  | 19944 ||| INVOKING Heroism.
 20013 | Swamp:2  | 20013 ||| INVOKING Heroism.
 20134 | Swamp:2  | 20134 ||| READING scroll of enchant armour.
 20134 | Swamp:2  | 20134 ||| ENCHANTING +0 pair of gloves of dexterity.
 20344 | Swamp:2  | 20344 ||| READING 13 scrolls of identify.
 20344 | Swamp:2  | 20344 ||| IDENTIFYING metallic clear potion
 20345 | Swamp:2  | 20345 ||| DROPPING potion of attraction.
 20369 | Swamp:3  | 20369 ||| INVOKING Heroism.
 20412 | Swamp:3  | 20412 ||| INVOKING Heroism.
 20427 | Swamp:3  | 20427 ||| INVOKING Finesse.
 20550 | Swamp:3  | 20550 ||| READING scroll of enchant armour.
 20550 | Swamp:3  | 20550 ||| ENCHANTING +1 pair of gloves of dexterity.
 20686 | Swamp:3  | 20686 ||| INVOKING Heroism.
 20698 | Swamp:3  | Noticed a tentacled monstrosity
 20699 | Swamp:3  | 20699 ||| INVOKING Finesse.
 20707 | Swamp:3  | Killed a tentacled monstrosity
 20708 | Swamp:3  | Reached skill level 6 in Armour
 20797 | Swamp:3  | 20797 ||| INVOKING Heroism.
 20805 | Swamp:3  | 20805 ||| INVOKING Finesse.
 21054 | Swamp:3  | 21054 ||| PLANNING SPIDER:1-3
 21054 | Swamp:3  | 21054 ||| DROPPING ring of willpower.
 21179 | Spider:1 | Entered Level 1 of the Spider Nest
 21179 | Spider:1 | Noticed Mlioglotl
 21180 | Spider:1 | 21180 ||| INVOKING Heroism.
 21181 | Spider:1 | 21181 ||| INVOKING Finesse.
 21189 | Spider:1 | Gained mutation: You have a pair of small horns on your
                  | head. [a cacodemon]
 21196 | Spider:1 | Killed Mlioglotl
 21299 | Spider:1 | 21299 ||| Stepping ~*~*~tactically~*~*~ (outnumbered).
 21315 | Spider:1 | 21315 ||| INVOKING Finesse.
 21322 | Spider:1 | Reached skill level 12 in Dodging
 21589 | Spider:1 | 21589 ||| INVOKING Heroism.
 21595 | Spider:1 | Received a gift from Okawaru
 21678 | Spider:1 | Reached XP level 17. HP: 163/163 MP: 24/24
 21682 | Spider:1 | 21682 ||| INVOKING Finesse.
 21733 | Spider:1 | 21733 ||| INVOKING Finesse.
 21878 | Spider:1 | 21878 ||| READING 12 scrolls of identify.
 21878 | Spider:1 | 21878 ||| IDENTIFYING lumpy brown potion
 21889 | Spider:2 | 21889 ||| Stepping ~*~*~tactically~*~*~ (outnumbered).
 21901 | Spider:2 | 21901 ||| INVOKING Heroism.
 21963 | Spider:2 | 21963 ||| FLEEEEING.
 21965 | Spider:2 | 21965 ||| FLEEEEING.
 21966 | Spider:2 | 21966 ||| FLEEEEING.
 21967 | Spider:2 | 21967 ||| FLEEEEING.
 21968 | Spider:2 | 21968 ||| STAIRDANCE
 21972 | Spider:2 | 21972 ||| STAIRDANCE
 22273 | Spider:2 | Reached skill level 20 in Ranged Weapons
 22273 | Spider:2 | 22273 ||| INVOKING Finesse.
 22811 | Spider:3 | Received a gift from Okawaru
 22849 | Spider:3 | 22849 ||| INVOKING Heroism.
 22892 | Spider:3 | 22892 ||| FLEEEEING.
 22893 | Spider:3 | 22893 ||| FLEEEEING.
 22894 | Spider:3 | 22894 ||| FLEEEEING.
 22895 | Spider:3 | 22895 ||| FLEEEEING.
 22896 | Spider:3 | 22896 ||| STAIRDANCE
 23000 | Spider:3 | 23000 ||| Stepping ~*~*~tactically~*~*~ (outnumbered).
 23005 | Spider:3 | 23005 ||| INVOKING Heroism.
 23045 | Spider:3 | Identified the +2 arbalest of Okawaru's Envy {freeze, rC++
                  | Stlth+} (Okawaru gifted it to you on level 3 of the Spider
                  | Nest)
 23045 | Spider:3 | Received a gift from Okawaru
 23058 | Spider:3 | 23058 ||| INVOKING Heroism.
 23058 | Spider:3 | HP: 35/166 [redback (12)]
 23059 | Spider:3 | 23059 ||| READING 3 scrolls of teleportation.
 23060 | Spider:3 | 23060 ||| DRINKING 3 potions of heal wounds.
 23079 | Spider:3 | 23079 ||| FLEEEEING.
 23088 | Spider:3 | 23088 ||| STAIRDANCE
 23175 | Spider:3 | Identified the +3 plate armour of Hedge Wizardry {MP+9
                  | Int-2 Dex+6}
 23243 | Spider:3 | 23243 ||| FLEEEEING.
 23245 | Spider:3 | 23245 ||| INVOKING Heroism.
 23453 | Spider:3 | 23453 ||| DROPPING +2 arbalest of Okawaru's Envy {freeze,
                  | rC++ Stlth+}.
 23667 | Spider:3 | 23667 ||| PLANNING SWAMP:4
 23667 | Spider:3 | 23667 ||| READING 12 scrolls of identify.
 23667 | Spider:3 | 23667 ||| IDENTIFYING ruby potion
 23893 | Swamp:4  | Entered Level 4 of the Swamp
 23910 | Swamp:4  | 23910 ||| INVOKING Heroism.
 24034 | Swamp:4  | 24034 ||| INVOKING Heroism.
 24087 | Swamp:4  | Got a decaying rune of Zot
 24094 | Swamp:4  | 24094 ||| INVOKING Heroism.
 24136 | Swamp:4  | 24136 ||| INVOKING Heroism.
 24239 | Swamp:4  | 24239 ||| Stepping ~*~*~tactically~*~*~ (outnumbered).
 24244 | Swamp:4  | Reached XP level 18. HP: 153/176 MP: 25/25
 24300 | Swamp:4  | 24300 ||| INVOKING Heroism.
 24411 | Swamp:4  | 24411 ||| FLEEEEING.
 24417 | Swamp:4  | 24417 ||| INVOKING Heroism.
 24427 | Swamp:4  | Reached skill level 15 in Fighting
 24502 | Swamp:4  | Identified the +1 arbalest of Mecusil {penet, Str+6}
 24504 | Swamp:4  | 24504 ||| DROPPING +1 arbalest of Mecusil {penet, Str+6}.
 24532 | Swamp:4  | 24532 ||| READING scroll of brand weapon.
 24532 | Swamp:4  | 24532 ||| BRANDING +2 longbow of freezing.
 24652 | Swamp:4  | 24652 ||| PLANNING VAULTS:1-4
 24844 | Vaults:1 | Entered Level 1 of the Vaults
 24921 | Vaults:1 | 24921 ||| INVOKING Heroism.
 24922 | Vaults:1 | 24922 ||| INVOKING Finesse.
 25064 | Vaults:1 | Received a gift from Okawaru
 25283 | Vaults:1 | Reached ****** piety under Okawaru
 25294 | Vaults:1 | Identified the +7 arbalest "Mouheet" {elec, rElec Str+2
                  | Int-3 Dex+3} (Okawaru gifted it to you on level 1 of the
                  | Vaults)
 25294 | Vaults:1 | Received a gift from Okawaru
 25321 | Vaults:1 | 25321 ||| SWAPPING to +7 arbalest "Mouheet" {elec, rElec
                  | Str+2 Int-3 Dex+3}.
 25484 | Vaults:1 | 25484 ||| INVOKING Heroism.
 25485 | Vaults:1 | 25485 ||| INVOKING Finesse.
 25498 | Vaults:1 | 25498 ||| Stepping ~*~*~tactically~*~*~ (outnumbered).
 25505 | Vaults:1 | 25505 ||| Stepping ~*~*~tactically~*~*~ (outnumbered).
 25609 | Vaults:1 | 25609 ||| INVOKING Heroism.
 25610 | Vaults:1 | 25610 ||| INVOKING Finesse.
 26105 | Vaults:1 | Identified the +0 barding of Wiuqeokas {+Blink} (Okawaru
                  | gifted it to you on level 1 of the Vaults)
 26105 | Vaults:1 | Received a gift from Okawaru
 26133 | Vaults:1 | 26133 ||| DROPPING +0 barding of Wiuqeokas {+Blink}.
 26137 | Vaults:2 | 26137 ||| PLANNING WIZLAB
 26147 | Vaults:2 | 26147 ||| STAIRDANCE
 26245 | Vaults:2 | 26245 ||| INVOKING Heroism.
 26440 | Vaults:2 | 26440 ||| Stepping ~*~*~tactically~*~*~ (outnumbered).
 26442 | Vaults:2 | 26442 ||| Stepping ~*~*~tactically~*~*~ (outnumbered).
 26444 | Vaults:2 | 26444 ||| Stepping ~*~*~tactically~*~*~ (outnumbered).
 26529 | Vaults:2 | Reached skill level 15 in Dodging
 26529 | Vaults:2 | Reached XP level 19. HP: 188/188 MP: 26/26
 26552 | Vaults:2 | Found a magical portal.
 26561 | WizLab   | Entered Tukima's Studio
 26623 | WizLab   | 26623 ||| INVOKING Heroism.
 26629 | WizLab   | Noticed qw's illusion
 26661 | WizLab   | HP: 42/188 [qw's illusion (illusionary)[a strange machine]
                  | (22)]
 26662 | WizLab   | 26662 ||| READING 3 scrolls of teleportation.
 26662 | WizLab   | HP: 19/188 [+2 flail of protection[a strange machine] (14)]
 26662 | WizLab   | Mangled by qw's illusion (illusionary)

Levels and vault maps discovered:
D:1:      denvon_arrival_planthouse, layout_basic, minmay_cut_off
D:2:      kb_forest_paths, layout_basic, basic_ecumenical_altar,
          chequers_serial_rivers_small_3, minmay_hexomino_f4
D:3:      layout_rooms
D:4:      layout_gridville, gammafunk_temple_overflow_arena,
          mainiacjoe_overflow_tiny_flanked, led_sif_book, st_stairs_7,
          minmay_misc_feat_hallway
D:5:      layout_rooms
D:6:      minmay_opposing_rooms, layout_basic, lemuel_doored_altar
D:7:      layout_loops_cross, mainiacjoe_overflow_cross_hatched,
          minmay_temple_entry_slanted, uniq_prince_ribbit1, uniq_duvessa
D:8:      layout_rooms, marbit_many_paths, uniq_joseph, uniq_maurice, uniq_erica
D:9:      layout_rooms, trog_book, nicolae_letterblocks
          [nicolae_letter_subblock, nicolae_letter_subblock,
          nicolae_letter_subblock, nicolae_letter_subblock,
          nicolae_letter_subblock, nicolae_letter_subblock,
          nicolae_letter_subblock, nicolae_letter_subblock,
          nicolae_letter_subblock, nicolae_letter_subblock,
          nicolae_letter_subblock, nicolae_letter_subblock,
          nicolae_letter_subblock, nicolae_letter_subblock,
          nicolae_letter_subblock, nicolae_letter_subblock,
          nicolae_letter_subblock, nicolae_letter_subblock,
          nicolae_letter_subblock, nicolae_letter_subblock,
          nicolae_letter_subblock, nicolae_letter_subblock,
          nicolae_letter_subblock, nicolae_letter_subblock,
          nicolae_letter_subblock]
D:10:     layout_basic, nicolae_vehumet_radiance,
          pdpol_wu_jian_five_deadly_venoms, minmay_lair_entry_grove,
          nicolae_trove_entry_crystal
D:11:     layout_irregular_city
D:12:     minmay_stepped, layout_loops_ring, orc_david_3, uniq_frances
D:13:     layout_cave_pools, grunt_vaults_entry_tiered
D:14:     layout_basic, chequers_serial_rivers_small_3,
          minmay_misc_feat_encased, nicolae_underground_beach, uniq_roxanne,
          uniq_nessos, uniq_josephine
D:15:     hangedman_depths_entry_civil_slaughter, layout_loops_ring,
          chequers_serial_rivers_marsh
Temple:   dshaligram_water_room_temple
Lair:1:   layout_misc_corridors, grunt_megastairs_5
Lair:2:   layout_chaotic_city, skrybe_swamp_entry_bodies, beast_lair_carwin_11
Lair:3:   layout_concentric_octagons, spider_nest_entry_web_field
Lair:4:   layout_long_grid, basic_altar, chequers_serial_rivers_micro_a,
          kennysheep_basilisk_garden, lemuel_fruit_tree
Lair:5:   grunt_lair_end_beastmaster, layout_regular_city, slime_entry_1,
          gammafunk_ghost_abyssal_escape, uniq_urug
Swamp:1:  layout_falls_marsh, hangedman_swamp_ruin_wall,
          infiniplex_staircase_pool_2
Swamp:2:  layout_basic_swamp, evilmike_swamp_ruin_house_3, uniq_kirke
Swamp:3:  layout_basic_swamp, nicolae_swamp_oxbows
Swamp:4:  swamp_vile, layout_basic_swamp, swamp_pool3, nicolae_swamp_bunyip_nook
Spider:1: layout_spider_delve, uniq_mlioglotl
Spider:2: layout_spider_delve
Spider:3: layout_spider_delve
Orc:1:    layout_diamond_mine
Orc:2:    st_orc_town, layout_caves, serial_shops, shop, nicolae_shop_trees,
          nicolae_shop_back_alley_shop, shop_fountains, basic_altar
Vaults:1: vaults_room_corners, nicolae_vaults_double_plus_2,
          nicolae_vaults_double_plus_3, nicolae_vaults_heart-shaped_vault,
          hangedman_vaults_stitches, vaults_room_hallway,
          nicolae_vaults_double_plus_1, nicolae_vaults_network_square,
          ontoclasm_vaults_eye, layout_vaults_omnigrid
Vaults:2: mu_enter_wizlab_4, nicolae_vaults_offset_grid_hallway_1,
          nicolae_vaults_turnstiles, vaults_dpeg_doors, vaults_room_door_hall,
          minmay_crypt_entry_necro_gods, v_alt_pattern_2, grunt_vaults_focal,
          nicolae_vaults_network_star, ontoclasm_vaults_claustrophobia,
          hangedman_vaults_corner, serial_ice_m, vaults_room_pools,
          v_alt_pattern_1, nicolae_vaults_tangram_1, layout_vaults_omnibox
WizLab:   wizlab_tukima

Skill      XL: |  1  2  3  4  5  6  7  8  9 10 11 12 13 14 15 16 17 18 19 |
---------------+----------------------------------------------------------+-----
Ranged Weapons | 4 5 6 8 9 10 12 14 15 16 17 18 19 20 | 20.0
Fighting       | 3 4 5 7 8 9 10 11 12 13 14 16 | 16.0
Dodging        | 2 3 4 5 7 8 10 12 13 15 | 15.0
Armour         | 1 2 5 6 7 8 |  8.0
Invocations    | 4 5 10 | 10.0
Stealth        | |  1.5

Action                     |  1- 3 |  4- 6 |  7- 9 | 10-12 | 13-15 | 16-18 | 19-21 || total
---------------------------+-------+-------+-------+-------+-------+-------+-------++-------
   Fire: Shortbow          |    49 |    75 |   160 |   298 |       |       |       ||   582
         Arbalest          |       |       |       |   205 |   473 |   235 |    61 ||   974
         Longbow           |       |       |       |       |   797 |   979 |       ||  1776
 Invoke: Heroism           |       |       |       |    28 |    33 |    28 |     1 ||    90
         Finesse           |       |       |       |       |     8 |    12 |       ||    20
Ability: Spit Poison       |    19 |    30 |    55 |    77 |       |       |       ||   181
    Use: Scroll            |     4 |     9 |     4 |     5 |     8 |     7 |     1 ||    38
         Potion            |     2 |     6 |     3 |       |     1 |     1 |       ||    13
 Armour: Leather armour    |     7 |    18 |    71 |    74 |    62 |   207 |    22 ||   461
         Troll leather arm |       |       |       |    74 |   254 |       |       ||   328
  Dodge: Dodged            |     8 |    30 |   167 |   390 |   841 |   756 |    71 ||  2263

Table legend:
 A = Non-vault XP
 B = Vault XP
 C = Vault XP percentage of total XP
 D = Non-vault monster count
 E = Vault monster count
 F = Vault count percentage of total count
                 A         B        C        D         E       F
            +---------+---------+-------+---------+---------+-------
      Total |  223024 |  104050 |  31.8 |     710 |     263 |  27.0
            +---------+---------+-------+---------+---------+-------
        D:1 |      46 |       2 |   4.2 |      26 |       1 |   3.7
        D:2 |      42 |      30 |  41.7 |      11 |       9 |  45.0
        D:3 |     216 |       0 |   0.0 |      13 |       0 |   0.0
        D:4 |     240 |      74 |  23.6 |       9 |       3 |  25.0
        D:5 |     883 |       0 |   0.0 |      25 |       0 |   0.0
        D:6 |     716 |    1469 |  67.2 |      15 |      10 |  40.0
        D:7 |    2366 |     491 |  17.2 |      21 |       3 |  12.5
        D:8 |     359 |    1982 |  84.7 |       9 |       4 |  30.8
        D:9 |    1698 |       0 |   0.0 |      24 |       0 |   0.0
       D:10 |    3090 |    2192 |  41.5 |      14 |      12 |  46.2
       D:11 |    2007 |       0 |   0.0 |      23 |       0 |   0.0
       D:12 |    3892 |    8055 |  67.4 |      13 |      15 |  53.6
       D:13 |    4928 |    7698 |  61.0 |      24 |      25 |  51.0
       D:14 |   10543 |    5266 |  33.3 |      26 |      12 |  31.6
       D:15 |    3732 |    4524 |  54.8 |       9 |       6 |  40.0
     Lair:1 |    6975 |    1228 |  15.0 |      30 |       4 |  11.8
     Lair:2 |    4013 |    2513 |  38.5 |      12 |       5 |  29.4
     Lair:3 |    6824 |       0 |   0.0 |      20 |       0 |   0.0
     Lair:4 |    2697 |     767 |  22.1 |      10 |       4 |  28.6
     Lair:5 |   11412 |    8432 |  42.5 |      34 |      17 |  33.3
    Swamp:1 |   12048 |       0 |   0.0 |      20 |       0 |   0.0
    Swamp:2 |   14016 |    1779 |  11.3 |      21 |       3 |  12.5
    Swamp:3 |   19376 |       0 |   0.0 |      31 |       0 |   0.0
    Swamp:4 |    9376 |   26515 |  73.9 |      19 |      37 |  66.1
   Spider:1 |   16868 |    1853 |   9.9 |      45 |       1 |   2.2
   Spider:2 |   16649 |       0 |   0.0 |      49 |       0 |   0.0
   Spider:3 |   13058 |       0 |   0.0 |      27 |       0 |   0.0
      Orc:1 |    3189 |       0 |   0.0 |      38 |       0 |   0.0
      Orc:2 |    1712 |    5901 |  77.5 |      18 |      61 |  77.2
   Vaults:1 |   35437 |    9703 |  21.5 |      52 |      16 |  23.5
   Vaults:2 |   14616 |    4460 |  23.4 |      22 |       6 |  21.4
     WizLab |       0 |    9116 | 100.0 |       0 |       9 | 100.0
            +---------+---------+-------+---------+---------+-------
